[Event "BL 2024-25"]
[Site "Austria"]
[Date "2024.10.10"]
[Round "2.35"]
[White "Hinterreiter, Markus"]
[Black "Ivanisevic, Ivan"]
[Result "0-1"]
[Annotator "TA"]
[ECO "A06"]
[WhiteElo "2269"]
[BlackElo "2519"]
[PlyCount "120"]
[EventDate "2024.08.28"]
[EventType "team-tourn"]
[EventCountry "AUT"]
[SourceTitle "playchess.com"]
[Source "ChessBase"]
[SourceQuality "1"]
[WhiteTeam "Salzburg"]
[BlackTeam "Pinggau-Friedberg"]
[TimeControl "40/5400+30:1800+30"]

1. Nf3 d5 2. b3 c5 3. e3 f6 4. d4 cxd4 5. exd4 Nc6 6. Bb2 {[%emt 0:02:48] A06: Réti Opening: 1 Nf3 d5.} Bg4 7. Nbd2 e6 8. h3 Bh5 9. Bd3 Bd6 10. O-O Nge7 11. Re1 Bf7 $146 ({Predecessor:} 11... Qd7 12. Qe2 Bf7 13. c4 O-O 14. a3 a5 15. Nf1 Rae8 16. Qc2 h6 17. Ne3 Bb8 {0-1 Anton Guijarro,D (2666)-Dobrov,V (2515) Wch Blitz Riadh 2017 (11)}) 12. c4 O-O 13. Rc1 Ng6 14. a3 a5 15. Nb1 Qd7 16. Nc3 Nf4 17. Bf1 $1 Rad8 18. g3 Ng6 19. cxd5 (19. h4 $16) 19... exd5 $11 20. Nb5 Bb8 21. a4 Rfe8 22. Ba3 Be6 23. h4 Bg4 24. Bg2 Re4 25. Qd2 Bh3 26. Bh1 $1 Qf5 (26... Nxh4 $5 27. Nxh4 Rxh4 $14) 27. Nh2 Rxe1+ 28. Rxe1 Nxh4 29. Qe3 (29. Be7 $11 Rd7 30. Bc5) 29... h5 30. Nf3 (30. gxh4 $2 Qg6+ $19) 30... Ng6 31. Bg2 Bxg2 32. Kxg2 Qg4 33. Qe6+ {[%emt 0:01:32] [#]} Qxe6 $1 34. Rxe6 Kf7 35. Re1 Nge7 36. Bc5 g6 37. Kf1 Nf5 38. Bb6 Rd7 39. Rc1 g5 40. Bc5 h4 41. gxh4 g4 ({Much worse is} 41... Nxh4 $6 42. Nxh4 gxh4 43. Kg2 $11) 42. Nd2 (42. Ne1 $17) 42... Nxh4 $19 43. Ke2 Ng6 44. Rh1 Nf4+ 45. Kd1 (45. Kf1 {was called for.}) 45... Nh3 $19 46. Ke1 Kg6 47. Nf1 Bf4 48. Nc3 (48. Ne3 $142 Bxe3 49. fxe3) 48... Rd8 (48... b6 $142 49. Bxb6 Nb4) 49. Ne3 $19 Bxe3 50. fxe3 f5 51. Bb6 Rd7 52. Kf1 (52. Ne2 $142) 52... f4 $19 53. exf4 Kf5 ({Resist} 53... Nxf4 54. Rh8) 54. Kg2 Nxf4+ (54... Kxf4 55. Rf1+ Kg5 56. Ne2 $11) 55. Kf2 {[%emt 0:00:57] [#]} Rg7 $1 56. Rh8 $2 (56. Ne2) 56... g3+ $19 57. Kg1 Kg4 58. Rf8 Rh7 59. Bc5 Rh2 60. Rf7 Nh3+ 0-1

[Event "BL 2024-25"]
[Site "Austria"]
[Date "2024.10.10"]
[Round "2.36"]
[White "Baidetskyi, Valentin"]
[Black "Weber, Samuel"]
[Result "1-0"]
[Annotator "TA"]
[ECO "B12"]
[WhiteElo "2505"]
[BlackElo "2256"]
[PlyCount "81"]
[EventDate "2024.08.28"]
[EventType "team-tourn"]
[EventCountry "AUT"]
[SourceTitle "playchess.com"]
[Source "ChessBase"]
[SourceQuality "1"]
[WhiteTeam "Pinggau-Friedberg"]
[BlackTeam "Salzburg"]
[TimeControl "40/5400+30:1800+30"]

1. e4 c6 2. d4 d5 3. f3 e6 4. Nc3 Bb4 5. Bd2 Ne7 6. h4 Nd7 7. h5 h6 8. e5 {[%emt 0:14:22] The position is equal.} Nf5 9. Nce2 Be7 10. Bf4 O-O {[%emt 0:14:43] Strongly threatening ...c5.} 11. Qd2 c5 12. dxc5 f6 (12... Nxc5 $6 13. g4 Nh4 14. O-O-O $16) 13. exf6 Bxf6 14. g4 $1 Nh4 (14... Bxb2 $6 15. Rb1 Bf6 16. gxf5 $16) 15. Bd6 (15. O-O-O $11) 15... Bxb2 $17 16. Bxf8 Bxa1 (16... Qxf8 $17 17. Rd1 Bf6 (17... Nxf3+ 18. Nxf3 Qxf3 19. Rh3 $17)) 17. Bd6 $11 Bf6 18. Nd4 Ne5 19. Kd1 {[%emt 0:02:50] [#]} (19. Bxe5 $1 $11 {keeps the balance.} Bxe5 20. f4) 19... Nf7 $1 $17 20. Bg3 e5 21. Nb5 {[%emt 0:00:41] [#]} Be6 ({Black should try} 21... e4 $1 $19 22. Be2 Bd7) 22. Qe1 a6 (22... Qc8 $17 {[%cal Oc8c5] aiming for ...Qxc5!} 23. Bf2 (23. Bxh4 $2 Bxh4 24. Qxh4 Qxc5 $19) (23. Rxh4 $2 Qxc5 24. Rh2 Bd7 $19) 23... Qc6 (23... a6 24. Nd6 $11) 24. Rxh4 (24. Bxh4 Bxh4 25. Rxh4 Qxc5 $17) 24... Bxh4 25. Bxh4 Qxc5) 23. Nc3 $2 {[%emt 0:00:06] [#]} (23. Nd6 $15 Nxd6 24. cxd6 Nxf3 25. Nxf3 Bxg4 26. Be2 Qxd6 27. Nxe5 Bxe5 28. Bxg4 (28. Bxe5 $2 Qxe5 29. Bxg4 Qd4+ 30. Kc1 Qxg4 $19) 28... Bxg3 29. Qe6+ Kh8 30. Qxd6 Bxd6 31. Bf3) 23... Nxf3 $1 $19 24. Nxf3 e4 25. Nh4 Bxg4+ (25... Qa5 $19 26. Nxd5 Qd8 (26... Bxg4+ 27. Be2 $11) (26... Qxe1+ 27. Bxe1 Bxd5 28. Nf5 $17)) 26. Be2 $17 Bxe2+ (26... Bd7 $17 {...Rc8 would now be deadly.} 27. Nb1 (27. Nxd5 $2 {is the wrong capture.} Bc6 $19) 27... d4) 27. Nxe2 $11 b6 (27... Rc8 $11) 28. c6 $16 {[%emt 0:00:08][%cal Bc5c6,Bc6c7][%mdl 32] c7 is the strong threat.} Qe7 (28... Rc8 $16) 29. c7 Ne5 30. Qd2 Qd7 31. Bxe5 Bxe5 32. Ng6 {[%emt 0:00:08] Wards off Kh7} Bxc7 33. Rf1 $36 {[%emt 0:00:09][%cal Of1f5][%mdl 2048] White has strong initiative.} Rd8 34. Kc1 {[%emt 0:00:46] White has more active pieces.} ({Better is} 34. Qd4 $16) 34... Qd6 ({Black should play} 34... Qb5 $1 $14) 35. Qc3 {[%emt 0:00:34] And now Nd4 would win.} b5 $2 (35... Re8 {was worth a try.} 36. Rf5 Bd8) 36. Nd4 $18 Bb6 $2 (36... Qg3 $18 37. Qxg3 Bxg3) 37. Nf5 {[%emt 0:00:06][%csl Gf5,LRd6,LRg7][%cal Rc3g7] A dynamic duo of knights. White mates.} Qc7 38. Nge7+ Kf7 39. Nxg7+ Kxe7 40. Qf6+ Kd7 41. Qe6# {[%emt 0:30:03] Weighted Error Value: White=0.28 (precise) /Black=0.52.  Loses game:     	White=1     	---        Mistake:       	White=3     	Black=10     Inaccurate:     	White=1     	Black=3      OK:         	White=12    	Black=11     Best:        	White=4     	Black=1      Strong:       	White=1     	Black=1} 1-0